 Dungeon Crawl Stone Soup version 0.31-a0-473-g61b50ae490 (webtiles) character file.

Game seed: 3608054668091796145

69 quinnr the Gusty (level 4, 0/24 HPs)
             Began as a Tengu Air Elementalist on Aug 6, 2023.
             Succumbed to a goblin's poison
             ... on level 3 of the Dungeon on Aug 7, 2023.
             The game lasted 00:06:11 (1986 turns).

quinnr the Gusty (Tengu Air Elementalist)           Turns: 1986, Time: 00:06:12

Health: 0/24       AC:  4    Str:  5 (8)  XL:     4   Next: 20%
Magic:  5/10       EV: 11    Int: 15 (17) God:
Gold:   75         SH:  0    Dex: 13 (15) Spells: 7/10 levels left

rFire   + . .        e - staff of cold {!a}
rCold   + . .        (no shield)
rNeg    . . .        m - +1 leather armour {rF+}
rPois   .            (helmet restricted)
rElec   .            (no cloak)
rCorr   .            (no gloves)
SInv    .            (boots unavailable)
Will    +....        (no amulet)
Stlth   ++           W - ring of willpower
HPRegen 0.24/turn    Z - ring of wizardry
MPRegen 0.12/turn

%: wizardry (x1)
@: lethally poisoned (0 -> -22), attractive
A: beak, talons 3
a: no special abilities


You were on level 3 of the Dungeon.
You visited 1 branch of the dungeon, and saw 3 of its levels.

You collected 75 gold pieces.


Innate Abilities, Weirdness & Mutations

You have a beak for a mouth.
You have claws for feet.


   Skills:
 + Level 0.2 Armour
 - Level 2.1 Dodging
 - Level 2.0 Stealth
 + Level 3.7 Spellcasting
 - Level 2.0 Conjurations
 - Level 4.0 Air Magic
 - Level 1.0 Evocations


You had 7 spell levels left.
You knew the following spells:

 Your Spells              Type           Power      Damage    Failure   Level
t - Static Discharge      Conj/Air       22%        2-3/arc   6%          2
z - Shock                 Conj/Air       44%        1d5       3%          1

Your spell library contained the following spells:

 Spells                   Type           Power      Damage    Failure   Level
 Magic Dart               Conj           32%        1d4       6%          1
 Swiftness                Air            14%        N/A       8%          3
 Searing Ray              Conj           16%        2d5       9%          2
 Airstrike                Air            7%         2d(1-17)  24%         4
 Fulminant Prism          Conj/Hex       2%         3d5       58%         4

Inventory:

Armour
 a - a +0 robe
 m - a +1 leather armour of fire resistance (worn)
Magical Staves
 e - a staff of cold (weapon) {!a}
 h - a staff of fire {!a}
Jewellery
 W - a ring of willpower (left hand)
 Z - a ring of wizardry (right hand)
Scrolls
 d - a scroll of torment {unknown}
 f - a scroll of teleportation {unknown}
 g - a scroll of immolation {unknown}
 k - 2 scrolls of identify {unknown}
Potions
 b - a potion of magic
 c - a potion of enlightenment {unknown}
 i - 2 potions of attraction
 l - a potion of curing {unknown}

Dungeon Overview and Level Annotations

Branches:
Dungeon (3/15)

Altars:

Shops:
D:1 *

Annotations:
D:3 Robin

### #<# #.# #.#
#######.#########
..............>.
#######.######.#
#
#.######@##.###.
#.......g.......
#####..gg#######
#.....g.......
#.###J######## #
#g# .J. .g...
...?g..


You could see Robin, an endoplasm and 4 goblins.


Message History

Unknown command.
The goblin attacks as you move away! The goblin hits you but does no damage.
You feel sick.
You feel sick.
Robin roars a battlecry!
The goblins go into a battle-frenzy!
You feel sick. The goblin attacks as you move away!
The goblin hits you with a +1 dagger of venom.
You are more poisoned.
* * * LOW HITPOINT WARNING * * *
You feel very sick.
Okay, then.
It was a potion of attraction.
You feel attractive to monsters.
* * * LOW HITPOINT WARNING * * *
You feel sick.
The goblin hits you with a +1 dagger of venom.
* * * LOW HITPOINT WARNING * * *
You are more poisoned.
The goblin is attracted toward you. x2; The endoplasm is attracted toward you.
Robin is attracted toward you.
Unknown command.
Unknown command.
Unknown command.
Unknown command.
It was a potion of degeneration.
There was something very wrong with that liquid.
You feel weakened.
You feel dopey.
You feel clumsy.
You die...

Skill      XL: |  1  2  3 |
---------------+----------+-----
Spellcasting   | 3 |  3.7
Conjurations   | 2 |  2.0
Evocations     | 1 |  1.0
Armour         | |  0.2
Dodging        | |  2.1
Stealth        | |  2.0
Air Magic      | |  4.0

Action                     |  1- 3 |  4- 6 || total
---------------------------+-------+-------++-------
  Melee: Staff             |     2 |       ||     2
         Kick              |     2 |       ||     2
         Unarmed           |     1 |       ||     1
   Cast: Shock             |    80 |     7 ||    87
    Use: Potion            |     1 |     2 ||     3
 Armour: Robe              |     3 |       ||     3
         Leather armour    |       |     2 ||     2
  Dodge: Dodged            |     5 |       ||     5

Levels and vault maps discovered:
D:1:      dpeg_arrival_rhombi, layout_rooms, serial_shops,
          nicolae_shop_tiny_glass, interstate_on_off
D:2:      layout_rooms, serial_corexii_hall, corexii_hall_statues_x,
          chequers_hall_statues_wall_a, minmay_misc_feat_four_crosses,
          minmay_misc_feat_chi, ebering_dispersal_statue_hall
D:3:      layout_basic, nicolae_ru_awakened_eye, okawaru_ov_weapons_minmay,
          nicolae_titane, uniq_robin

Notes
Turn   | Place    | Note
-------+----------+-------------------------------------------
     0 | D:1      | quinnr the Tengu Air Elementalist began the quest for the
                  | Orb.
     0 | D:1      | Reached XP level 1. HP: 10/10 MP: 4/4
    83 | D:1      | Found Qabbud's General Store.
   205 | D:1      | Reached XP level 2. HP: 9/15 MP: 0/6
   512 | D:1      | Reached skill level 3 in Spellcasting
   643 | D:1      | Learned a level 2 spell: Static Discharge
   939 | D:2      | Reached XP level 3. HP: 19/19 MP: 4/8
  1277 | D:2      | Reached skill level 2 in Conjurations
  1383 | D:2      | Reached skill level 1 in Evocations
  1758 | D:2      | Reached XP level 4. HP: 24/24 MP: 4/10
  1978 | D:3      | Noticed Robin
  1986 | D:3      | Succumbed to a goblin's poison

Vanquished Creatures
  2 adders (D:2)
  2 worms (D:2)
  A dart slug (D:1)
  4 endoplasms
  6 goblins
  6 hobgoblins
  4 quokkas
  3 ball pythons
  3 bats
  2 frilled lizards (D:2)
  4 kobolds
  3 rats
40 creatures vanquished.

Table legend: (Time is in decaauts)
 A = Elapsed time spent in this place.
 B = Non-inter-level travel time spent in this place.
 C = Inter-level travel time spent in this place.
 D = Time resting spent in this place.
 E = Time spent auto-exploring this place.
 F = Levels seen in this place.
 G = Mean time per level.
                   A        B        C        D        E       F      G
               +--------+--------+--------+--------+--------+-----+--------+
         Total |   1984 |   1940 |     44 |      0 |   1661 |   3 |  661.3 |
       Dungeon |   1984 |   1940 |     44 |      0 |   1661 |   3 |  661.3 |
               +--------+--------+--------+--------+--------+-----+--------+

Top non-repeatable levels by time:
     D:2: 1022 daAuts
     D:1: 934 daAuts
     D:3: 27 daAuts

Table legend:
 A = Non-vault XP
 B = Vault XP
 C = Vault XP percentage of total XP
 D = Non-vault monster count
 E = Vault monster count
 F = Vault count percentage of total count
                 A         B        C        D         E       F
            +---------+---------+-------+---------+---------+-------
      Total |      90 |       9 |   9.1 |      35 |       5 |  12.5
            +---------+---------+-------+---------+---------+-------
        D:1 |      32 |       0 |   0.0 |      17 |       0 |   0.0
        D:2 |      58 |       0 |   0.0 |      18 |       0 |   0.0
        D:3 |       0 |       9 | 100.0 |       0 |       5 | 100.0
            +---------+---------+-------+---------+---------+-------

Levels and vault maps discovered:
D:1:      dpeg_arrival_rhombi, layout_rooms, serial_shops,
          nicolae_shop_tiny_glass, interstate_on_off
D:2:      layout_rooms, serial_corexii_hall, corexii_hall_statues_x,
          chequers_hall_statues_wall_a, minmay_misc_feat_four_crosses,
          minmay_misc_feat_chi, ebering_dispersal_statue_hall
D:3:      layout_basic, nicolae_ru_awakened_eye, okawaru_ov_weapons_minmay,
          nicolae_titane, uniq_robin
